 Dungeon Sprint DCSS version 0.31.0-11-ge490571c62 (webtiles) character file.

Game seed: 15594491502216720440

8 SmokeWeed the Ducker (level 2, 0/19 HPs)
             Began as a Deep Elf Gladiator on Feb 3, 2024.
             Succumbed to a water moccasin's poison
             ... in the Dungeon (Sprint IX: "|||||||||||||||||||||||||||||").
             The game lasted 00:00:55 (26 turns).

SmokeWeed the Ducker (Deep Elf Gladiator)             Turns: 26, Time: 00:00:56

Health: 0/19       AC:  4    Str: 11    XL:     2   Next: 0%
Magic:  4/4        EV: 13    Int: 12    God:
Gold:   0          SH:  0    Dex: 16    Spells: 1/1 levels left

rFire   . . .        a - +0 long sword
rCold   . . .        (no shield)
rNeg    . . .        b - +0 leather armour
rPois   .            c - +0 helmet
rElec   .            (no cloak)
rCorr   .            (no gloves)
SInv    .            (no boots)
Will    .....        (no amulet)
Stlth   +            (no ring)
HPRegen 0.23/turn    (no ring)
MPRegen 0.09/turn

%: no teleportation
@: lethally poisoned (0 -> -29)
A: no striking features
a: no special abilities


You were in the Dungeon.
You visited 1 branch

Inventory:

Hand Weapons
 a - a +0 long sword (weapon)
Missiles
 d - 2 throwing nets (quivered)
Armour
 b - a +0 leather armour (worn)
 c - a +0 helmet (worn)
Scrolls
 k - a scroll of blinking
Potions
 f - a potion of curing
 g - a potion of heal wounds
 h - a potion of haste
 i - 2 potions of magic
 j - a potion of berserk rage


   Skills:
 - Level 3.0 Fighting
 + Level 3.4 Long Blades
 - Level 2.0 Throwing
 - Level 3.6 Dodging


You had one spell level left.
You didn't know any spells.
Your spell library was empty.

Dungeon Overview and Level Annotations

Branches:
Dungeon (1/1)

Altars:


Message History

The javelin completely misses the water moccasin.
The orc shouts!
The javelin pierces through the iguana but does no damage.
The javelin pierces through the orc.
You kill the orc!
The javelin pierces through the quokka!
You kill the quokka!
The javelin pierces through the hound!
The hound barks!
The hound is heavily wounded.
The water moccasin bites you.
Your Long Blades skill increases to level 3!
You have reached level 2!
Throw: 3 throwing nets
Press: ? - help, Q - select action Shift-Dir - straight line, f/p - water moccasin
Aim: a water moccasin (40% to hit)
You throw a throwing net.
The throwing net hits the water moccasin.
The water moccasin is caught in the net!
The water moccasin struggles against the net.
You barely miss the water moccasin.
The water moccasin struggles against the net. x2
You hit the water moccasin.
The water moccasin is lightly wounded.
The water moccasin struggles against the net.
The net rips apart, and the water moccasin comes free!
You barely miss the water moccasin.
The water moccasin is lightly wounded.
The water moccasin bites you. x2
You are lethally poisoned!
The water moccasin poisons you!
You slash the water moccasin! You punch the water moccasin.
The water moccasin is moderately wounded.
You feel very sick. The water moccasin misses you.
The water moccasin bites you.
You are more poisoned.
The water moccasin poisons you!
You closely miss the water moccasin.
The water moccasin is moderately wounded.
You die...

▓+▓
▓(▓
▓.▓
▓)▓
▓h▓
▓l▓
▓S▓
▓@▓
▓.▓
▓.▓
▓.▓
▓.▓
▓†▓
▓.▓
▓.▓
▓.▓


You could see a water moccasin, an iguana and a hound.

Vanquished Creatures
  An orc (D)
  A ball python (D)
  A hobgoblin (D)
  A quokka (D)
  A frilled lizard (D)
  2 rats (D)
7 creatures vanquished.

Notes
Turn   | Place    | Note
-------+----------+-------------------------------------------
     0 | D        | SmokeWeed the Deep Elf Gladiator began the quest for the
                  | Orb.
     0 | D        | Reached XP level 1. HP: 12/12 MP: 3/3
    19 | D        | Noticed a hound
    19 | D        | Noticed a water moccasin
    19 | D        | Noticed an iguana
    21 | D        | Reached XP level 2. HP: 16/19 MP: 4/4
    26 | D        | Succumbed to a water moccasin's poison

Illustrated notes

Levels and vault maps discovered:
D:        linesprint [early_d, line_temple, items_1, d_10, items_2, lair_1,
          lair_end, items_3, orc_1, orc_end, items_4, d_15, swamp_1, shoals_1,
          snake_1, spider_1, d_20, vaults_1, items_5, swamp_end, shoals_end,
          snake_end, spider_end, vaults_end, d_27, items_6, zot_1, zot_end,
          crypt_end, forest_end, elf_end, slime_end, tomb_end, abyss_end,
          pan_hell_end]

Skill      XL: |  1 |
---------------+----+-----
Fighting       | 3 |  3.0
Long Blades    | 3 |  3.4
Throwing       | |  2.0
Dodging        | |  3.6

Action                     || total
---------------------------++-------
  Melee: Long sword        ||    14
         Punch             ||     1
  Throw: Javelin           ||     1
         Throwing net      ||     1
 Armour: Leather armour    ||     6
  Dodge: Dodged            ||     8
